 Dungeon Crawl Stone Soup version 0.14.1 (webtiles) character file.

4546 Heini the Cleaver (level 10, 0/91 HPs)
             Began as a Hill Orc Fighter on Apr 28, 2014.
             Was a Priest of Okawaru.
             Slain by a red ugly thing (2 damage)
             ... while paralysed by a giant eyeball
             ... on Level 8 of the Dungeon on Apr 29, 2014.
             The game lasted 00:30:44 (7925 turns).

Heini the Cleaver (Hill Orc Fighter)                Turns: 7925, Time: 00:30:44

HP   0/91        AC 15     Str 23      XL: 10   Next: 31%
MP  10/10        EV  2     Int  8      God: Okawaru [***...]
Gold 293         SH  0     Dex 10      Spells:  0 memorised,  9 levels left

rFire  . . .     SeeInvis .     q - +1 hand axe (venom) (curse)
rCold  . . .     Clarity  .     b - +1 scale mail (curse)
rNeg   + . .     Conserve .     c - +0 shield
rPois  .         rCorr    .     y - +0 helmet (curse)
rElec  .         rRot     .     v - +0 cloak
SustAb . .       Spirit   .     (no gloves)
rMut   .         Warding  +     x - +0 pair of boots
Saprov + . .     Stasis   .     k - amulet of warding
MR     +....                    w - +1 ring of protection
                                p - ring of protection from magic

@: paralysed, non-regenerating, badly diseased, somewhat resistant to hostile
enchantments, extremely unstealthy
A: saprovore 1
a: Heroism, Renounce Religion


You were on level 8 of the Dungeon.
You worshipped Okawaru.
Okawaru was most pleased with you.
You were not hungry.

You visited 2 branches of the dungeon, and saw 9 of its levels.
You also visited: Sewer.

You collected 293 gold pieces.

Inventory:

Hand weapons
 q - a cursed +1,+1 hand axe of venom (weapon)
 s - a +1,+2 war axe
 K - a +0,+0 war axe
 L - a +2,+1 war axe
Armour
 b - a cursed +1 scale mail (worn)
 c - a +0 shield (worn)
 v - a +0 cloak (worn)
 x - a +0 pair of boots (worn)
 y - a cursed +0 helmet (worn)
Magical devices
 u - a wand of slowing (11)
 z - a wand of teleportation (3)
 B - a wand of flame (15)
 D - a wand of draining (2)
 F - a wand of lightning (3)
Comestibles
 d - 6 meat rations
 r - 9 bread rations
 A - a lemon
 H - 17 grapes
 I - a rotting chunk of hobgoblin flesh
 J - 2 rotting chunks of orc flesh
 M - 17 sultanas
Scrolls
 a - 2 scrolls of fear
 f - 2 scrolls of enchant weapon II
 g - 3 scrolls of teleportation
 i - 4 scrolls of identify
 j - a scroll of fog {unknown}
 t - a scroll of remove curse
 N - a scroll of blinking
Jewellery
 k - an amulet of warding (around neck)
 p - a ring of protection from magic (left hand)
 w - a +1 ring of protection (right hand)
 G - an uncursed ring of fire {unknown}
Potions
 e - 4 potions of might
 h - 4 potions of curing
 m - 2 potions of brilliance
 n - 2 potions of heal wounds
 o - 2 potions of haste
 C - a potion of flight
Books
 E - a book of Battle

   Spells                             Type                      Level
   Infusion                           Charms                       1
   Shroud of Golubria                 Charms/Translocation         2
   Song of Slaying                    Charms                       2
   Spectral Weapon                    Hexes/Charms                 3
   Regeneration                       Charms/Necromancy            3


   Skills:
 * Level 9.2 Fighting
 * Level 12.5 Axes
 * Level 9.9 Armour
 - Level 3.2 Shields


You had 9 spell levels left.
You didn't know any spells.

Dungeon Overview and Level Annotations

Branches:
Dungeon (8/15)             Temple (1/1) D:6
   Lair: D:8-11

Altars:
Ashenzari
Cheibriados
Dithmenos
Elyvilon
Fedhas
Kikubaaqudgha
Nemelex Xobeh
Okawaru
Sif Muna
Trog
Vehumet
Xom
Yredelemnul
Zin
The Shining One


Innate Abilities, Weirdness & Mutations

You can tolerate rotten meat.


Message History

The red ugly thing is moderately wounded.
You hit the red ugly thing but do no damage.
The red ugly thing is poisoned.
The red ugly thing is lightly wounded.
The red ugly thing bites you.
You are engulfed in flames!
Your scroll of enchant armour catches fire!
* * * LOW HITPOINT WARNING * * *
One of your 4 scrolls of teleportation catches fire!
You block the red ugly thing's attack. The giant eyeball stares at you.
You suddenly lose the ability to move!
The red ugly thing bites you but does no damage.
The red ugly thing headbutts you.
* * * LOW HITPOINT WARNING * * *
You are engulfed in flames!
One of your 2 scrolls of remove curse catches fire!
* * * LOW HITPOINT WARNING * * *
The red ugly thing bites you but does no damage.
The red ugly thing headbutts you but does no damage.
The red ugly thing headbutts you.
You die...

. ###.. #. .... #.
.# #.### #. #.#
#.... #r #.# #..##
#G ##.## #..# # #.
##...## #..#
....h##u###.....###
#..#
....uZhu@%........#
#..#
####.######.....#.#
#..# ##(..##.# #..#
#######.###<# #..#
.....>....##.###..#
#######..........#
#.....####.#
####..# #.# #..#
#.#


You could see 3 ugly things, a giant eyeball, a yak zombie, 2 jackals and a rat.

Vanquished Creatures
  Joseph (D:7)
  A spriggan (D:7)
  A hippogriff (D:7)
  3 ugly things (D:8)
  3 ice beasts
  2 phantoms
  7 giant goldfish (D:7)
  2 centaurs
  2 orc warriors
  3 ogres
  The ghost of timbw the Digger, an average VSEE (D:5)
  A giant frog (D:6)
  A scorpion (D:7)
  A hippogriff skeleton (D:6)
  2 goliath beetles
  4 crimson imps
  4 hounds
  A giant frog skeleton (D:4)
  5 big fish
  An iguana (D:5)
  3 orc priests
  11 worker ants
  3 orc wizards (D:6)
  2 mummies
  An orc zombie (D:6)
  6 adders
  A giant mite (D:7)
  6 worms
  An adder zombie (D:7)
  2 giant eyeballs
  A giant gecko (D:1)
  27 orcs
  A ball python (Sewer)
  13 bats
  A bat skeleton (D:5)
  A gnoll skeleton (D:4)
  9 goblins
  9 hobgoblins
  5 quokkas
  4 giant cockroaches
  8 giant newts
  10 jackals
  12 kobolds
  5 rats
  4 butterflies (D:6)
  6 plants (Sewer)
198 creatures vanquished.

Notes
Turn   | Place    | Note
--------------------------------------------------------------
     0 | D:1      | Heini, the Hill Orc Fighter, began the quest for the Orb.
     0 | D:1      | Reached XP level 1. HP: 19/19 MP: 1/1
   281 | D:1      | Reached skill level 4 in Fighting
   501 | D:2      | Reached XP level 2. HP: 25/27 MP: 2/2
   868 | D:2      | Reached XP level 3. HP: 34/34 MP: 3/3
  1562 | D:3      | Reached XP level 4. HP: 38/41 MP: 4/4
  1712 | D:3      | Paralysed by a giant eyeball for 2 turns
  1716 | D:3      | Paralysed by a giant eyeball for 3 turns
  1721 | D:3      | Reached skill level 5 in Fighting
  1762 | D:3      | Noticed an ice beast
  1776 | D:3      | Killed an ice beast
  1776 | D:3      | Reached XP level 5. HP: 9/48 MP: 5/5
  2078 | D:4      | Reached skill level 5 in Axes
  2078 | D:4      | Reached XP level 6. HP: 36/56 MP: 6/6
  2293 | D:4      | Reached skill level 5 in Armour
  2411 | D:4      | Found a glowing drain.
  2416 | Sewer    | Entered a sewer
  3748 | D:5      | Entered Level 5 of the Dungeon
  3851 | D:5      | Reached skill level 6 in Fighting
  3851 | D:5      | Reached XP level 7. HP: 63/63 MP: 7/7
  3861 | D:5      | Noticed timbw's ghost (average VSEE)
  3867 | D:5      | Killed timbw's ghost
  4520 | D:5      | Reached skill level 7 in Axes
  5156 | D:6      | Reached XP level 8. HP: 49/71 MP: 8/8
  5338 | D:6      | Paralysed by a giant eyeball for 4 turns
  5515 | D:6      | Reached skill level 8 in Axes
  5665 | D:6      | Found a staircase to the Ecumenical Temple.
  5711 | Temple   | Entered the Ecumenical Temple
  5717 | Temple   | Became a worshipper of Warmaster Okawaru
  6239 | D:6      | Reached skill level 9 in Axes
  6459 | D:7      | Acquired Okawaru's first power
  6459 | D:7      | Reached XP level 9. HP: 58/79 MP: 9/9
  6477 | D:7      | Found a shadowy altar of Dithmenos.
  6567 | D:7      | Reached skill level 10 in Axes
  6716 | D:7      | Noticed Joseph
  6734 | D:7      | Killed Joseph
  6764 | D:7      | Reached skill level 11 in Axes
  7184 | D:7      | Reached XP level 10. HP: 80/90 MP: 10/10
  7236 | D:7      | Reached skill level 12 in Axes
  7922 | D:8      | Paralysed by a giant eyeball for 4 turns
  7923 | D:8      | HP: 2/91 [red ugly thing (13)]
  7925 | D:8      | Slain by a red ugly thing

Action                   |  1- 3 |  4- 6 |  7- 9 | 10-12 || total
-------------------------+-------+-------+-------+-------++-------
Melee: War axe           |    94 |   336 |    87 |       ||   517
       Hand axe          |       |       |   398 |   143 ||   541
Evoke: Wand              |       |       |       |     5 ||     5
  Use: Scroll            |     4 |     9 |     9 |       ||    22
